 Dungeon Crawl Stone Soup version 0.26-a0-27-g1f0226971c (webtiles) character file.

Game seed: 6393991880007770251, levelgen mode: deterministic

2718 Esekla the Slasher (level 9, -9/58 HPs)
             Began as an Octopode Warper on May 27, 2020.
             Was an Initiate of Gozag.
             Mangled by Pikel
             ... wielding a +0 whip of electrocution
              (18 damage)
             ... on level 8 of the Dungeon.
             The game lasted 00:46:17 (7561 turns).

Esekla the Slasher (Octopode Warper)                Turns: 7561, Time: 00:46:17

Health: -9/58      AC:  1    Str: 11    XL:     9   Next: 66%
Magic:  12/14      EV: 16    Int: 16    God:    Gozag
Gold:   709        SH:  0    Dex: 13    Spells: 3/15 levels left

rFire    . . .     SeeInvis .   s - +5 scimitar
rCold    . . .     Gourm    .   (no shield)
rNeg     . . .     Faith    .   (helmet restricted)
rPois    +         Spirit   .   (no amulet)
rElec    .         Reflect  .   (no ring)
rCorr    .         Harm     .   v - ring of poison resistance
MR       .....                  (no ring)
Stlth    +++.......             (no ring)
HPRegen  0.19/turn              (no ring)
MPRegen  0.14/turn              (no ring)
                                (no ring)
                                (no ring)

@: gold aura, very slightly contaminated
A: almost no armour, stealthy swim, amphibious, 8 rings, constrict 8, camouflage
1, gelatinous body 1
a: Potion Petition, Call Merchant, Bribe Branch, Renounce Religion


You were on level 8 of the Dungeon.
You worshipped Gozag.
Gozag was pleased with you.
You were not hungry.

You visited 2 branches of the dungeon, and saw 9 of its levels.

You collected 847 gold pieces.
You paid 138 gold pieces to Gozag.

Inventory:

Hand Weapons
 a - a +0 falchion
 e - a +2 dagger of electrocution
 f - a +3 short sword of flaming
 s - a +5 scimitar (weapon)
 t - a +0 trident
 A - a cursed +0 trident
Missiles
 d - 5 boomerangs of dispersal
 l - 46 poisoned darts
 r - 5 boomerangs (quivered)
Armour
 y - a +2 kite shield
Jewellery
 v - a ring of poison resistance (right tentacle)
Wands
 m - a wand of flame (32)
Scrolls
 c - a scroll of blinking
 h - 4 scrolls of teleportation
 i - 4 scrolls of remove curse
 k - a scroll of enchant weapon
 o - 2 scrolls of enchant armour {unknown}
 q - 5 scrolls of identify
 x - a scroll of magic mapping
 z - 3 scrolls of fog {unknown}
Potions
 b - a potion of stabbing
 g - 2 potions of curing
 j - 3 potions of flight
 n - 2 potions of lignification
 u - a potion of cancellation
Comestibles
 p - 8 rations


   Skills:
 + Level 3.6 Fighting
 + Level 1.8(5.2) Short Blades
 * Level 7.8(8.0) Long Blades
 - Level 1.0 Throwing
 * Level 5.8 Dodging
 - Level 3.0 Stealth
 + Level 3.7 Spellcasting
 + Level 3.4 Charms
 * Level 0.8 Summonings
 * Level 2.7 Necromancy
 + Level 5.3 Translocations
 * Level 1.2 Air Magic


You had 3 spell levels left.
You knew the following spells:

 Your Spells              Type           Power        Failure   Level  Hunger
a - Shroud of Golubria    Chrm/Tloc      ###...       4%          2    ##.....
b - Blink                 Tloc           N/A          3%          2    ##.....
s - Summon Lightning Spi  Summ/Air       #.......     75%         4    ####...
u - Dispel Undead         Necr           ##......     50%         4    ####...

Your spell library contained the following spells:

 Spells                   Type           Power        Failure   Level  Hunger
 Gell's Gravitas          Tloc           ###.......   6%          3    ###....
 Lesser Beckoning         Tloc           ###.......   6%          3    ###....
 Teleport Other           Tloc           ###.....     6%          3    ###....
 Summon Small Mammal      Summ           #...         13%         1    None
 Call Imp                 Summ           #.......     19%         2    ##.....
 Call Canine Familiar     Summ           #.......     36%         3    ###....
 Summon Guardian Golem    Hex/Summ       #.......     41%         3    ###....
 Passage of Golubria      Tloc           N/A          19%         4    ####...
 Animate Dead             Necr           N/A          50%         4    ####...
 Summon Ice Beast         Ice/Summ       #.......     83%         4    ####...
 Death Channel            Necr           ##........   100%        6    #######
 Simulacrum               Ice/Necr       #.........   100%        6    #######


Dungeon Overview and Level Annotations

Branches:
Dungeon (8/15)             Temple (1/1) D:6
   Lair: D:8-11

Altars:
Ashenzari
Cheibriados
Dithmenos
Elyvilon
Gozag
Hepliaklqana
Kikubaaqudgha
Makhleb
Nemelex Xobeh
Okawaru
Qazlal
Ru
Sif Muna
Trog
Uskayaw
Vehumet
Wu Jian
Xom
Yredelemnul
Zin
The Shining One

Annotations:
D:5 1 runed translucent door, Flugslaktarn's ghost, novice VSFi
D:8 Pikel


Innate Abilities, Weirdness & Mutations

You cannot wear most types of armour.
You are very stealthy in the water. (Stealth+)
You are amphibious.
You can wear up to eight rings at the same time.
You can use your tentacles to constrict eight enemies at once.
Your skin changes colour to match your surroundings (Stealth+).
Your rubbery body absorbs attacks. (AC +1, EV +1)


Message History

* * * LOW HITPOINT WARNING * * *
The centaur misses you.
Pikel scowls and wipes his hands on his robe.
You barely miss the centaur. Your squeeze misses the centaur.
The centaur is severely wounded.
The centaur hits you but does no damage.
You slash the centaur!
You kill the centaur!
The slave is no longer distracted by gold.
You see here an arrow.
Casting: Shroud of Golubria (safe; 4% risk of failure)
Confirm with . or Enter, or press ? or * to list all spells.
You miscast Blink.
You are very lightly contaminated with residual magic.
Nothing appears to happen.
Pikel hits you with a +0 whip of electrocution.
* * * LOW HITPOINT WARNING * * *
You are electrocuted!!
You die...
Your body crumbles into a pile of gold.

#.##.##.#
#.#
#..#..#.#
#.#
###.##.#.#
#.#
.........#
#.#
.........#
#.#
.........#
#.#
.......#.##
#.#
.......#..#
#.#
.......#..##
#@#
###........#
#K#########
.........#.#
#.p.p.p....
.........#.#
#########.#
...........#
...........#
...........#
.......#...#
...##..#.#>#


You could see Pikel and a slave.

Vanquished Creatures
  A hippogriff (D:7)
  Duvessa (D:7)
  2 sky beasts
  4 ogres
  3 centaurs
  2 phantoms
  A big kobold (D:6)
  4 bullfrogs
  A gnoll sergeant (D:5)
  Dowan (D:7)
  2 scorpions
  A crimson imp (D:4)
  A bullfrog zombie (D:4)
  4 hounds
  A jelly (D:6)
  3 orc priests
  A bullfrog skeleton (D:5)
  2 quasits
  7 orc wizards
  2 centaur skeletons
  An iguana (D:7)
  A worker ant (D:5)
  8 gnolls
  8 adders
  A shadow imp (D:6)
  An adder zombie (D:8)
  2 adder skeletons (D:4)
  2 dart slugs
  A worm (D:2)
  8 leopard geckos
  17 orcs
  4 giant cockroaches
  9 goblins
  10 hobgoblins
  5 jackals
  11 kobolds
  2 quokkas
  A ball python (D:3)
  9 bats
  2 frilled lizards
  A giant cockroach zombie (D:6)
  A leopard gecko skeleton (D:8)
  A leopard gecko zombie (D:5)
  2 rats
152 creatures vanquished.

Notes
Turn   | Place    | Note
-------+----------+-------------------------------------------
     0 | D:1      | Esekla the Octopode Warper began the quest for the Orb.
     0 | D:1      | Reached XP level 1. HP: 14/14 MP: 3/3
   158 | D:1      | Reached XP level 2. HP: 11/19 MP: 5/5
   620 | D:1      | Reached XP level 3. HP: 16/24 MP: 6/6
  1350 | D:2      | Reached skill level 1 in Stealth
  1485 | D:2      | Found a faded altar of an unknown god.
  1577 | D:2      | Reached XP level 4. HP: 5/29 MP: 7/7
  1581 | D:2      | Reached skill level 3 in Long Blades
  1587 | D:2      | Learned a level 2 spell: Shroud of Golubria
  1590 | D:2      | Learned a level 2 spell: Blink
  2064 | D:2      | Reached XP level 5. HP: 15/35 MP: 5/8
  2533 | D:3      | Reached skill level 1 in Charms
  2940 | D:3      | Reached XP level 6. HP: 41/41 MP: 5/9
  3408 | D:4      | Found a bloodstained altar of Trog.
  3420 | D:4      | Found a snail-covered altar of Cheibriados.
  3424 | D:4      | Found a stormy altar of Qazlal.
  3553 | D:4      | Reached skill level 4 in Long Blades
  4181 | D:4      | Reached XP level 7. HP: 45/45 MP: 7/10
  4264 | D:5      | Entered Level 5 of the Dungeon
  4290 | D:5      | Found a runed translucent door.
  4290 | D:5      | Noticed Flugslaktarn's ghost (novice VSFi)
  4573 | D:4      | Reached skill level 5 in Long Blades
  4986 | D:5      | Reached XP level 8. HP: 51/51 MP: 12/12
  5422 | D:5      | Reached skill level 1 in Short Blades
  5432 | D:5      | HP: 1/52 [orc wizard/magic dart (10)]
  6016 | D:6      | Found a staircase to the Ecumenical Temple.
  6025 | Temple   | Entered the Ecumenical Temple
  6188 | Temple   | Became a worshipper of Gozag Ym Sagoz the Greedy
  6216 | D:6      | Reached skill level 5 in Dodging
  6262 | D:6      | Identified the Incunabulum of the Unholy Glacier
  6452 | D:7      | Reached skill level 6 in Long Blades
  6476 | D:7      | Learned a level 4 spell: Dispel Undead
  6570 | D:7      | Reached skill level 1 in Necromancy
  6570 | D:7      | Reached XP level 9. HP: 57/57 MP: 13/13
  6608 | D:7      | Noticed Duvessa
  6609 | D:7      | Noticed Dowan
  6832 | D:7      | Reached skill level 5 in Translocations
  6929 | D:7      | Killed Duvessa
  6932 | D:7      | Killed Dowan
  7096 | D:8      | Reached skill level 7 in Long Blades
  7352 | D:8      | Learned a level 4 spell: Summon Lightning Spire
  7465 | D:8      | Reached skill level 1 in Air Magic
  7551 | D:8      | Noticed Pikel
  7561 | D:8      | Mangled by Pikel

Illustrated notes

Levels and vault maps discovered:
D:1:      mushboom_english_gardens, layout_basic, minivault_4
D:2:      layout_basic, chequers_ecumenical_altar_twisty
D:3:      layout_rooms
D:4:      layout_rooms, minitemple, first_ration
D:5:      layout_rooms, hellmonk_ghost_happy_afterlife
D:6:      layout_rooms, minmay_temple_entry_gardened_gates
D:7:      layout_rooms, uniq_duvessa
D:8:      layout_basic, uniq_pikel
Temple:   eino_narrow_crystal_temple

Skill      XL: |  1  2  3  4  5  6  7  8  9 |
---------------+----------------------------+-----
Dodging        | 3 4 5 |  5.8
Stealth        | 3 |  3.0
Long Blades    | 3 4 5 6 7 |  7.8
Charms         | 1 2 3 |  3.4
Translocations | 4 5 |  5.3
Fighting       | 3 |  3.6
Short Blades   | 1 |  1.8
Spellcasting   | 3 |  3.7
Necromancy     | 1 2 |  2.7
Air Magic      | 1 |  1.2
Throwing       | |  1.0
Summonings     | |  0.8

Action                   |  1- 3 |  4- 6 |  7- 9 || total
-------------------------+-------+-------+-------++-------
Melee: Falchion          |    63 |   107 |       ||   170
       Constrict         |    26 |    33 |    33 ||    92
       Tentacles         |    11 |    25 |    41 ||    77
       Dagger            |       |    10 |    80 ||    90
       Short sword       |       |       |    10 ||    10
       Scimitar          |       |       |   104 ||   104
Throw: Dart              |       |     5 |    20 ||    25
       Boomerang         |       |       |    12 ||    12
 Cast: Shroud of Golubri |       |    10 |    21 ||    31
       Blink             |       |       |     4 ||     4
  Use: Scroll            |       |       |    10 ||    10
 Stab: Sleeping          |     7 |     4 |     4 ||    15
  Eat: Chunk             |     2 |     9 |     6 ||    17
       Ration            |       |       |     2 ||     2
Armor: Skin              |     4 |    15 |    12 ||    31
Dodge: Dodged            |    44 |   104 |   148 ||   296
       Rpst.: Falchion   |    19 |    27 |       ||    46
       Scimitar          |       |       |    18 ||    18

Table legend:
 A = Non-vault XP
 B = Vault XP
 C = Vault XP percentage of total XP
 D = Non-vault monster count
 E = Vault monster count
 F = Vault count percentage of total count
                 A         B        C        D         E       F
            +---------+---------+-------+---------+---------+-------
      Total |    3664 |     220 |   5.7 |     150 |       2 |   1.3
            +---------+---------+-------+---------+---------+-------
        D:1 |      44 |       0 |   0.0 |      22 |       0 |   0.0
        D:2 |     144 |       0 |   0.0 |      24 |       0 |   0.0
        D:3 |     147 |       0 |   0.0 |      24 |       0 |   0.0
        D:4 |     715 |       0 |   0.0 |      21 |       0 |   0.0
        D:5 |     417 |       0 |   0.0 |      17 |       0 |   0.0
        D:6 |     439 |       0 |   0.0 |      14 |       0 |   0.0
        D:7 |    1001 |     220 |  18.0 |      15 |       2 |  11.8
        D:8 |     757 |       0 |   0.0 |      13 |       0 |   0.0
            +---------+---------+-------+---------+---------+-------
